[Event "Titled Tuesday Blitz December 20 Early 2022"]
[White "Husnutdinov, Damir"]
[Black "Azoulas, Mark"]
[WhiteFideId "14200910"]
[BlackFideId "2033208"]
[WhiteElo "2415"]
[BlackElo "2326"]
[Result "0-1"]
[Round "06"]
[TimeControl "180+2"]
[Date "2022.12.20"]
[WhiteClock "0:00:04"]
[BlackClock "0:00:21"]

1. d4 d6 2. Nf3 Nf6 3. g3 g6 4. Bg2 Bg7 5. O-O O-O 6. c4 Nbd7 7. Nc3 c5 8. b3 a6 9. Bb2 Rb8 10. a4 cxd4 11. Nxd4 Qc7 12. Rc1 Nc5 13. b4 Ne6 14. Nd5 Qd8 15. a5 Nxd4 16. Bxd4 Nxd5 17. Bxg7 Kxg7 18. cxd5 Bd7 19. Qd4+ Kg8 20. Rc2 b6 21. Re1 bxa5 22. bxa5 Qxa5 23. Ra1 Qb6 24. Qxb6 Rxb6 25. Rc7 Rd8 26. Ra7 Rb2 27. e4 Bb5 28. Rxe7 Rc8 29. Bf1 Rcc2 30. Bxb5 axb5 31. Ra8+ Kg7 32. Rd7 Rxf2 33. Rxd6 Rg2+ 34. Kf1 Rxh2 35. Kg1 Rhg2+ 36. Kh1 Rxg3 0-1


[Site "https://www.chess.com"]

[Event "Titled Tuesday Blitz December 20 Early 2022"]
[White "InitiatingASC"]
[Black "sergeikim"]
[WhiteElo "2412"]
[BlackElo "2606"]
[Result "0-1"]
[Round "06"]
[TimeControl "180+2"]
[Date "2022.12.20"]
[WhiteClock "0:00:03"]
[BlackClock "0:00:21"]

1. Nf3 Nf6 2. g3 g6 3. Bg2 Bg7 4. O-O d6 5. c4 O-O 6. Nc3 e5 7. d3 Re8 8. e4 c6 9. Bg5 h6 10. Be3 Ng4 11. Bd2 f5 12. Qc1 Kh7 13. b4 Rf8 14. b5 f4 15. Rb1 Nd7 16. bxc6 bxc6 17. Qa3 Nc5 18. Na4 Ne6 19. c5 d5 20. exd5 cxd5 21. c6 e4 22. Ne1 f3 23. Bh3 Nd4 24. Qc5 Ne2+ 25. Kh1 Nxf2+ 26. Rxf2 Bxh3 27. c7 Qd7 28. Qb4 Qxc7 29. dxe4 Rab8 30. Qxb8 Rxb8 31. Rxb8 Qxb8 32. exd5 Qb1 0-1


[Site "https://www.chess.com"]

[Event "Titled Tuesday Blitz December 20 Early 2022"]
[White "Ivan11Martic"]
[Black "AlexPapasimakopoulos"]
[WhiteElo "2528"]
[BlackElo "2708"]
[Result "1-0"]
[Round "06"]
[TimeControl "180+2"]
[Date "2022.12.20"]
[WhiteClock "0:00:22"]
[BlackClock "0:00:36"]

1. c4 e6 2. Nc3 d5 3. d4 Nf6 4. Nf3 Bb4 5. e3 O-O 6. Bd2 c6 7. Bd3 Nbd7 8. O-O Re8 9. Nxd5 Nxd5 10. cxd5 exd5 11. Bxb4 Nf6 12. Ne5 a5 13. Bc3 a4 14. f4 Qd6 15. a3 Ne4 16. Bxe4 dxe4 17. Nc4 Qd8 18. Bb4 Be6 19. Rc1 Rb8 20. Nd6 Bb3 21. Qg4 Re6 22. Nc4 Rg6 23. Qh3 f6 24. f5 Rg5 25. Nd2 Bd5 26. Rf4 Qe8 27. Rcf1 b6 28. Rg4 h6 29. Rxg5 hxg5 30. Qg3 Rc8 31. h4 gxh4 32. Qxh4 c5 33. dxc5 bxc5 34. Bc3 Qe7 35. Kf2 Rd8 36. Rh1 Kf8 37. Qf4 Kg8 38. Rh4 Re8 39. Qh2 Kf8 40. Rg4 Qd7 41. Rf4 Qb7 42. Qh8+ Bg8 43. Qh1 Bd5 44. Qd1 Qc6 45. Rh4 Kg8 46. g4 Kf8 47. Nf1 Bb3 48. Qd2 Qc7 49. Rh8+ Kf7 50. Rxe8 Kxe8 51. Ng3 Kf7 52. Ba5 Qe5 53. Bc3 Qc7 54. Kg2 Kg8 55. Nh5 Bf7 56. Nf4 Kh7 57. Kg3 Kg8 58. Ba5 Qe5 59. Qd8+ Kh7 60. Bc3 Qe8 61. Qxe8 Bxe8 62. Ne6 c4 63. Nc5 Bc6 64. Kf4 g6 65. fxg6+ Kxg6 66. Nxe4 Kf7 67. Nxf6 Ke6 68. g5 Kf7 69. e4 Bb7 70. Nd5 Kg6 71. Bf6 Kf7 72. Ke5 Bc8 73. Kd4 Ba6 74. Nc7 c3 75. Kxc3 Bb7 76. e5 Kg6 77. e6 Bc6 78. e7 Kf7 79. e8=Q+ Bxe8 80. Nxe8 Kxe8 81. Kb4 Kd7 82. Kxa4 Ke6 83. Kb4 Kd6 84. a4 Kc6 85. a5 Kd7 86. b3 Kc6 87. g6 Kb7 88. g7 Kc6 89. g8=Q Kd6 90. Qd8+ Ke6 91. Qe7+ Kf5 92. Ba1 Kf4 93. a6 Kf3 94. a7 Kf4 95. a8=Q Kf5 96. Qaf8+ Kg4 97. Kc3 Kh5 98. Kb2 Kg6 99. Qeg7+ Kh5 100. b4 Kh4 101. b5 Kh5 102. b6 Kh4 103. b7 Kh3 104. b8=Q Kh4 105. Qbf4+ Kh3 106. Qfh6# 1-0


[Site "https://www.chess.com"]

[Event "Titled Tuesday Blitz December 20 Early 2022"]
[White "Jalapeno_Tractor_Schuppen"]
[Black "TokChess"]
[WhiteElo "2631"]
[BlackElo "2504"]
[Result "1-0"]
[Round "06"]
[TimeControl "180+2"]
[Date "2022.12.20"]
[WhiteClock "0:00:34"]
[BlackClock "0:00:08"]

1. e4 e5 2. Nf3 Nc6 3. Bb5 Nf6 4. O-O Nxe4 5. Re1 Nd6 6. a4 Be7 7. Nc3 O-O 8. d4 a6 9. Bf1 exd4 10. Nd5 Nf5 11. g4 Nd6 12. Bd3 Re8 13. Bf4 a5 14. c3 b6 15. Nxe7+ Nxe7 16. Ng5 Ng6 17. Bxg6 hxg6 18. Qf3 Bb7 19. Qh3 Re6 20. Qh7+ Kf8 21. h4 Ke7 22. Nxe6 dxe6 23. Bg5+ f6 24. Qxg7+ Ke8 25. Rxe6+ 1-0


[Site "https://www.chess.com"]

[Event "Titled Tuesday Blitz December 20 Early 2022"]
[White "Jasko, Pavel"]
[Black "Iskusnyh, Sergei"]
[WhiteFideId "980463"]
[BlackFideId "4120027"]
[WhiteElo "1693"]
[BlackElo "2440"]
[Result "1-0"]
[Round "06"]
[TimeControl "180+2"]
[Date "2022.12.20"]
[WhiteClock "0:00:24"]
[BlackClock "0:00:11"]

1. d4 d5 2. Bf4 Nf6 3. e3 c5 4. c3 Nc6 5. Nd2 cxd4 6. exd4 Bf5 7. Ngf3 e6 8. Bb5 Nd7 9. O-O Be7 10. Re1 O-O 11. c4 dxc4 12. Bxc6 bxc6 13. Nxc4 Bg4 14. Rc1 Rc8 15. Nd6 Bxd6 16. Bxd6 Re8 17. Qd3 Bxf3 18. Qxf3 Qa5 19. a3 Qd5 20. Qxd5 cxd5 21. Kf1 Nb6 22. b3 Rxc1 23. Rxc1 Rc8 24. Rxc8+ Nxc8 25. Bc5 f6 26. Ke2 Kf7 27. Kd3 Ke8 28. f4 Kd7 29. g4 Kc6 30. Kc3 a6 31. b4 Kc7 32. Kb3 Kc6 33. Ka4 Nb6+ 34. Bxb6 Kxb6 35. Kb3 Kc6 36. Kc3 Kb5 37. Kb3 Kc6 38. a4 Kb6 39. Kc3 Kc6 40. Kd3 Kd6 41. Ke3 Kc6 42. h4 Kd6 43. h5 Kc6 44. g5 h6 45. gxf6 gxf6 46. f5 Kd6 47. fxe6 Kxe6 48. Kf4 f5 49. b5 axb5 50. axb5 Kd6 51. Kxf5 Kc7 52. Ke6 Kb6 53. Kxd5 Kxb5 54. Ke6 Kb6 55. d5 Kc7 56. Ke7 Kb6 57. d6 Kc5 58. d7 1-0


[Site "https://www.chess.com"]

[Event "Titled Tuesday Blitz December 20 Early 2022"]
[White "Jenkins, Drake"]
[Black "Shuvalov, Evgenij"]
[WhiteFideId "2022397"]
[BlackFideId "4187237"]
[WhiteElo "2130"]
[BlackElo "2038"]
[Result "1/2-1/2"]
[Round "06"]
[TimeControl "180+2"]
[Date "2022.12.20"]
[WhiteClock "0:00:12"]
[BlackClock "0:00:12"]

1. Nf3 Nf6 2. g3 d5 3. Bg2 Bf5 4. O-O e6 5. d3 Be7 6. c4 c6 7. Nbd2 O-O 8. Rb1 a5 9. a3 Na6 10. Re1 h6 11. b3 Bh7 12. Bb2 Bd6 13. Ra1 Qe7 14. e4 dxe4 15. dxe4 e5 16. Nh4 Nc5 17. Qe2 Rfe8 18. Nf5 Bxf5 19. exf5 e4 20. b4 axb4 21. axb4 Rxa1 22. Bxa1 Nd3 23. c5 Be5 24. Rb1 Bxa1 25. Rxa1 Nxf2 26. Qxf2 e3 27. Qe2 exd2 28. Qxd2 Rd8 29. Qc3 Qe2 30. Re1 Rd1 31. Rxd1 Qxd1+ 32. Bf1 Nd5 33. Qe5 Kh7 34. f6 Nxf6 35. Qf5+ Kh8 36. Qc8+ Ng8 37. Qxb7 Qd4+ 38. Kg2 Qe4+ 39. Kf2 Nf6 40. h3 Qd4+ 41. Kg2 Ne4 42. Qc8+ Kh7 43. Qf5+ Kg8 44. Qc8+ Kh7 45. Qf5+ Kg8 46. Qc8+ Kh7 1/2-1/2


[Site "https://www.chess.com"]

[Event "Titled Tuesday Blitz December 20 Early 2022"]
[White "Jensen, Morten Kingo"]
[Black "Ankudinova_Yelena"]
[WhiteFideId "1435108"]
[WhiteElo "1867"]
[BlackElo "2238"]
[Result "1-0"]
[Round "06"]
[TimeControl "180+2"]
[Date "2022.12.20"]
[WhiteClock "0:00:50"]
[BlackClock "0:00:07"]

1. e4 Nf6 2. e5 Nd5 3. d4 d6 4. Nf3 Bg4 5. Be2 e6 6. c4 Nb6 7. exd6 cxd6 8. h3 Bh5 9. Nc3 Nc6 10. d5 Bxf3 11. gxf3 Ne5 12. f4 Ng6 13. dxe6 fxe6 14. Be3 Be7 15. Bg4 Qd7 16. Qb3 h5 17. Be2 Qc6 18. Rg1 Nh4 19. c5 Nd7 20. cxd6 Bxd6 21. Qxe6+ Be7 22. Qxc6 bxc6 23. Kd1 Bf6 24. Kc2 Nf5 25. Bd3 Nd4+ 26. Bxd4 Bxd4 27. Rae1+ Kf8 28. Ne4 Rb8 29. b3 Rh6 30. Ng5 Nc5 31. Re2 Rd6 32. Bc4 g6 33. f5 gxf5 34. Nh7# 1-0


[Site "https://www.chess.com"]

[Event "Titled Tuesday Blitz December 20 Early 2022"]
[White "JohnWhite1952"]
[Black "Barbis, Athanasios"]
[BlackFideId "4215800"]
[WhiteElo "1978"]
[BlackElo "1953"]
[Result "1-0"]
[Round "06"]
[TimeControl "180+2"]
[Date "2022.12.20"]
[WhiteClock "0:00:57"]
[BlackClock "0:01:16"]

1. e4 e5 2. Nf3 Nc6 3. d4 exd4 4. Nxd4 Bc5 5. Be3 Qf6 6. c3 Nge7 7. Be2 d6 8. O-O O-O 9. f4 Re8 10. Kh1 Bb6 11. Qd2 d5 12. e5 Qg6 13. Bd3 Nf5 14. Nxf5 Bxf5 15. Bxf5 Qxf5 16. Bxb6 axb6 17. Qxd5 Rxe5 18. Qf3 Rd5 19. Na3 Rad8 20. Nc4 b5 21. Ne3 Qc2 22. Nxc2 1-0


[Site "https://www.chess.com"]

[Event "Titled Tuesday Blitz December 20 Early 2022"]
[White "Jovanovic, Dobrica"]
[Black "Delemarre, Jop"]
[WhiteFideId "928674"]
[BlackFideId "1003704"]
[WhiteElo "2164"]
[BlackElo "2391"]
[Result "0-1"]
[Round "06"]
[TimeControl "180+2"]
[Date "2022.12.20"]
[WhiteClock "0:00:10"]
[BlackClock "0:00:16"]

1. e4 e6 2. d4 d5 3. exd5 exd5 4. Bd3 Nc6 5. Nf3 Bg4 6. c3 Bd6 7. O-O Nge7 8. Bg5 f6 9. Bh4 Qd7 10. Nbd2 O-O-O 11. b4 Rde8 12. b5 Nd8 13. Qc2 h5 14. Bg3 Nf5 15. Bxd6 Nxd6 16. a4 Ne6 17. Bg6 Rd8 18. h3 Nf4 19. Rfe1 Bxh3 20. Nh2 Nxg2 21. Ndf3 Nxe1 22. Rxe1 Bf5 23. Bxf5 Qxf5 24. Qxf5+ Nxf5 25. Nd2 g5 26. Nhf3 g4 27. Nh2 Rhe8 28. Rf1 Re2 29. Nb3 b6 30. a5 Rde8 31. axb6 axb6 32. Ra1 Re1+ 33. Rxe1 Rxe1+ 34. Kg2 Kd7 35. Nf1 h4 36. Nbd2 h3+ 37. Kg1 Nh4 38. Kh2 Nf3+ 39. Nxf3 Rxf1 40. Nh4 Rxf2+ 41. Kg3 Rc2 42. Kxg4 h2 43. Nf3 h1=Q 44. Ne5+ fxe5 0-1


[Site "https://www.chess.com"]

[Event "Titled Tuesday Blitz December 20 Early 2022"]
[White "Karjakin, Sergey"]
[Black "Patricks, Anastasia"]
[WhiteFideId "14109603"]
[BlackFideId "7101929"]
[WhiteElo "2747"]
[BlackElo "1778"]
[Result "1-0"]
[Round "06"]
[TimeControl "180+2"]
[Date "2022.12.20"]
[WhiteClock "0:00:58"]
[BlackClock "0:00:33"]

1. d4 g6 2. c4 Bg7 3. Nc3 d6 4. e4 Nd7 5. Nf3 e5 6. Be3 Ngf6 7. Be2 O-O 8. d5 a5 9. Nd2 Nc5 10. O-O Bd7 11. b3 Ne8 12. a3 f5 13. f3 Qh4 14. Bf2 Qd8 15. b4 axb4 16. axb4 Na6 17. Qb3 Bh6 18. Rfd1 Kh8 19. Rab1 Ng7 20. c5 fxe4 21. Ndxe4 Nf5 22. c6 bxc6 23. dxc6 Be8 24. b5 Nb8 25. Nd5 Nd4 26. Rxd4 exd4 27. Bxd4+ Bg7 28. Bxg7+ Kxg7 29. Qc3+ Kh6 30. Nef6 Ra4 31. Bd1 Rf4 32. Nxf4 Rxf6 33. Qe3 g5 34. Ne6 Rxe6 35. Qxe6+ Bg6 36. Bc2 Qh8 37. Bxg6 Qd4+ 38. Kh1 hxg6 39. Re1 Qc3 40. Qh3+ Kg7 41. Qe6 Kh6 42. h4 gxh4 43. Qe3+ Qxe3 44. Rxe3 1-0


[Site "https://www.chess.com"]

[Event "Titled Tuesday Blitz December 20 Early 2022"]
[White "KarstenHansch"]
[Black "Legendinunknown"]
[WhiteElo "2520"]
[BlackElo "2731"]
[Result "0-1"]
[Round "06"]
[TimeControl "180+2"]
[Date "2022.12.20"]
[WhiteClock "0:00:49"]
[BlackClock "0:01:02"]

1. e4 e5 2. Nf3 Nc6 3. Bc4 d6 4. d4 Nf6 5. O-O Bg4 6. c3 Be7 7. h3 Bxf3 8. Qxf3 exd4 9. Bg5 h6 10. Bh4 O-O 11. Rd1 Ne5 12. Qe2 Nxc4 13. Qxc4 Nxe4 14. Bxe7 Qxe7 15. Re1 Rae8 16. f3 Nd2 17. Nxd2 Qxe1+ 18. Rxe1 Rxe1+ 19. Kf2 Rfe8 20. cxd4 c6 21. d5 cxd5 22. Qxd5 R8e2+ 23. Kg3 Rd1 24. Qxb7 Rdxd2 25. Qxa7 Rxg2+ 26. Kf4 Rxb2 27. a3 Rbe2 28. Qb8+ Kh7 29. Qxd6 Re6 30. Qd7 Rg5 31. h4 Rf6+ 32. Ke3 Ra5 33. Qe7 Re6+ 0-1


[Site "https://www.chess.com"]

[Event "Titled Tuesday Blitz December 20 Early 2022"]
[White "Karttunen, Mika"]
[Black "Imperial, Genghis"]
[WhiteFideId "502081"]
[BlackFideId "5230403"]
[WhiteElo "2490"]
[BlackElo "1812"]
[Result "0-1"]
[Round "06"]
[TimeControl "180+2"]
[Date "2022.12.20"]
[WhiteClock "0:00:16"]
[BlackClock "0:01:14"]

1. e4 c6 2. d4 d5 3. e5 Bf5 4. h4 h5 5. Bd3 Qd7 6. Ne2 c5 7. Ng3 Bxd3 8. Qxd3 cxd4 9. Nd2 Nc6 10. Nf3 e6 11. O-O Rc8 12. Bd2 Nge7 13. b4 Ng6 14. Rfe1 Bxb4 15. Rab1 Bxd2 16. Qxd2 Qe7 17. Nxd4 Qxh4 18. Nb5 O-O 19. Nd6 Rc7 20. c4 Ncxe5 21. cxd5 Ng4 22. Nde4 Qh2+ 23. Kf1 Nh4 24. f3 exd5 25. fxg4 dxe4 26. Nxe4 Qh1+ 27. Ke2 Qxg2+ 28. Kd1 Qxg4+ 29. Qe2 Rd8+ 30. Nd2 Nf3 0-1


[Site "https://www.chess.com"]

[Event "Titled Tuesday Blitz December 20 Early 2022"]
[White "Kazgildy, Fariza"]
[Black "tylityli"]
[WhiteFideId "13724860"]
[WhiteElo "1189"]
[BlackElo "2334"]
[Result "1-0"]
[Round "06"]
[TimeControl "180+2"]
[Date "2022.12.20"]
[WhiteClock "0:01:00"]
[BlackClock "0:01:12"]

1. e4 e5 2. Nf3 Nc6 3. Bb5 a6 4. Ba4 Nf6 5. O-O b5 6. Bb3 Be7 7. d4 exd4 8. e5 Ne4 9. Bd5 Nc5 10. Nxd4 Bb7 11. Nf5 O-O 12. Qg4 g6 13. Bxc6 Bxc6 14. Nxe7+ Qxe7 15. Bf4 f5 16. exf6 Qxf6 17. Be3 Ne6 18. c3 Qf5 19. Qg3 d6 20. Nd2 Nf4 21. Kh1 Bxg2+ 22. Kg1 Ne2+ 23. Kxg2 Nxg3 24. fxg3 Qe4+ 25. Nxe4 1-0


[Site "https://www.chess.com"]

[Event "Titled Tuesday Blitz December 20 Early 2022"]
[White "Kildepiotr"]
[Black "Forgacs, Gyula"]
[BlackFideId "701203"]
[WhiteElo "2682"]
[BlackElo "2305"]
[Result "1-0"]
[Round "06"]
[TimeControl "180+2"]
[Date "2022.12.20"]
[WhiteClock "0:01:01"]
[BlackClock "0:00:11"]

1. Nf3 Nf6 2. g3 g6 3. Bg2 Bg7 4. O-O O-O 5. d4 d6 6. Nbd2 Nc6 7. e4 e5 8. dxe5 dxe5 9. c3 Qe7 10. Qe2 Rd8 11. b4 a6 12. a4 Ne8 13. Ba3 Qd7 14. Nb3 Qd3 15. Qxd3 Rxd3 16. Rac1 Bg4 17. Ne1 Rdd8 18. f3 Be6 19. Nc5 Bc4 20. Nxb7 Rdb8 21. Nc5 Bxf1 22. Bxf1 a5 23. b5 Na7 24. Nb3 c6 25. c4 cxb5 26. axb5 a4 27. Nc5 Bf8 28. Ra1 Nc8 29. Nd7 Bxa3 30. Rxa3 Rb7 31. Nxe5 Ncd6 32. Nc2 f5 33. Nd4 fxe4 34. c5 Nf5 35. Bc4+ Kh8 36. Nxf5 gxf5 37. Bd5 Rxb5 38. Bxa8 Rxc5 39. f4 Rc1+ 40. Kg2 Rc2+ 41. Kh3 Nf6 42. Rxa4 e3 43. Bf3 e2 44. Ra1 Ne4 45. Bxe4 fxe4 46. Re1 Kg7 47. Kg2 Kf6 48. Kf2 Kf5 49. Rxe2 Rc1 50. Kg2 h5 51. Nf7 Rc3 52. Ng5 e3 53. Kf3 h4 54. g4+ Kg6 55. Rxe3 Rc2 56. h3 Rh2 57. Ke4 Rc2 58. Nf3 Rc7 59. Ne5+ Kf6 60. Ra3 Rc8 61. Ra6+ Kg7 62. Kf5 Rb8 63. Ra7+ Kg8 64. g5 Rf8+ 65. Kg4 Rb8 66. g6 Rb6 67. Kg5 Rb8 68. Ng4 Kh8 69. Rh7+ Kg8 70. Nf6+ Kf8 71. Rf7# 1-0


[Site "https://www.chess.com"]

[Event "Titled Tuesday Blitz December 20 Early 2022"]
[White "Kopylov_Alex"]
[Black "Bilandani, Vansh"]
[BlackFideId "8511292"]
[WhiteElo "2790"]
[BlackElo "2488"]
[Result "1/2-1/2"]
[Round "06"]
[TimeControl "180+2"]
[Date "2022.12.20"]
[WhiteClock "0:00:57"]
[BlackClock "0:00:07"]

1. e4 c6 2. d3 d5 3. Nd2 e5 4. g3 Bd6 5. Bg2 Nf6 6. Ngf3 Bg4 7. h3 Bh5 8. O-O O-O 9. Re1 Nbd7 10. exd5 cxd5 11. c4 d4 12. Qc2 a5 13. b3 Re8 14. Ng5 Qc7 15. a3 Nc5 16. Rb1 Bg6 17. Nge4 Nfxe4 18. Nxe4 Nxe4 19. Bxe4 Bxe4 20. Rxe4 f5 21. Re1 Qc6 22. b4 axb4 23. axb4 e4 24. b5 exd3 25. Qd1 Rxe1+ 26. Qxe1 Re8 27. Qd1 Qe4 28. Bd2 Qe2 29. Qb3 Bxg3 30. c5+ Kh8 31. fxg3 Qxd2 32. c6 bxc6 33. bxc6 Qe3+ 34. Kg2 Qe4+ 35. Kg1 Qxc6 36. Qxd3 Qe4 37. Rd1 Qxd3 38. Rxd3 Re4 39. Rb3 g6 40. Rb7 Re8 41. Rd7 Re4 42. Kf2 Kg8 43. Kf3 Kf8 44. Rxh7 Re7 45. Rh8+ Kf7 46. Rd8 Re4 47. g4 Kf6 48. Rd5 Re3+ 49. Kg2 Rd3 50. gxf5 gxf5 51. h4 Kg6 52. Kf2 Rd2+ 53. Kf3 Rd3+ 54. Kf4 Rd1 55. Rd6+ Kh5 56. Kxf5 Kxh4 57. Ke4 Kg3 58. Rxd4 Rxd4+ 59. Kxd4 1/2-1/2


[Site "https://www.chess.com"]

[Event "Titled Tuesday Blitz December 20 Early 2022"]
[White "Kotofeyca"]
[Black "von Klitzing, Ole"]
[BlackFideId "34618821"]
[WhiteElo "2372"]
[BlackElo "1564"]
[Result "0-1"]
[Round "06"]
[TimeControl "180+2"]
[Date "2022.12.20"]
[WhiteClock "0:00:03"]
[BlackClock "0:00:39"]

1. d4 e6 2. c4 f5 3. Nc3 Nf6 4. Qc2 Be7 5. Bg5 O-O 6. f3 Nc6 7. O-O-O d6 8. e3 Qe8 9. a3 a6 10. Bd3 Qg6 11. Nh3 e5 12. g4 exd4 13. Bxf5 Bxf5 14. gxf5 Qh5 15. Nf4 Qxg5 16. Rhg1 Qh6 17. Ne6 dxc3 18. Rxg7+ Kh8 19. Qxc3 Rg8 20. Rxg8+ Rxg8 21. Nxc7 Qxh2 22. f4 Qh6 23. Ne6 Qh5 24. Qd3 Qf3 25. Rf1 Qe4 26. Qe2 Qxf5 27. Ng5 h6 28. Rh1 Rg6 0-1


[Site "https://www.chess.com"]

[Event "Titled Tuesday Blitz December 20 Early 2022"]
[White "Kukku, Ramesh"]
[Black "Arnaldofdelavaramulet"]
[WhiteFideId "25695606"]
[WhiteElo "1575"]
[BlackElo "2648"]
[Result "0-1"]
[Round "06"]
[TimeControl "180+2"]
[Date "2022.12.20"]
[WhiteClock "0:00:04"]
[BlackClock "0:00:49"]

1. Nc3 c5 2. g4 Nc6 3. Bg2 g6 4. h4 h5 5. gxh5 Rxh5 6. Bf3 Rh8 7. h5 gxh5 8. Bxh5 Bg7 9. e3 d5 10. Qf3 Nf6 11. Nge2 Rxh5 12. Rxh5 Bg4 13. Qg3 Bxe2 14. Rh1 Bg4 15. f3 d4 16. Ne2 dxe3 17. fxg4 Nb4 18. g5 Ne4 19. Qf4 exd2+ 20. Bxd2 Nxc2+ 21. Kd1 Qd3 22. Nc1 Qc4 23. Rb1 Rd8 24. Nb3 Nc3+ 25. bxc3 Qxf4 26. Kxc2 Qe4+ 27. Kb2 c4 28. Nd4 Rxd4 29. cxd4 Bxd4+ 30. Bc3 Qe2+ 31. Ka3 Bxc3 32. Rh8+ Bxh8 33. Rxb7 Qf3+ 0-1


[Site "https://www.chess.com"]

[Event "Titled Tuesday Blitz December 20 Early 2022"]
[White "LileKoridze"]
[Black "Steegersee"]
[WhiteElo "2345"]
[BlackElo "2425"]
[Result "1-0"]
[Round "06"]
[TimeControl "180+2"]
[Date "2022.12.20"]
[WhiteClock "0:00:04"]
[BlackClock "0:00:02"]

1. d4 Nf6 2. c4 c5 3. d5 e6 4. Nc3 exd5 5. cxd5 d6 6. Nf3 g6 7. Bg5 Bg7 8. Nd2 O-O 9. Nc4 Re8 10. e3 Qc7 11. Bf4 Ne4 12. Nxe4 Rxe4 13. Bxd6 Qd8 14. Bxc5 b5 15. Nd2 Re5 16. e4 Qxd5 17. Be3 Qd8 18. Be2 Bb7 19. O-O Nc6 20. Nb3 Qe7 21. f3 Rd8 22. Qc1 f5 23. Bf4 Re6 24. Bxb5 Nd4 25. Bc4 Kh8 26. Kh1 Rc6 27. Nxd4 Rxd4 28. b3 fxe4 29. fxe4 Rxe4 30. Rb1 Rc8 31. Qd2 Rd8 32. Qa5 Re2 33. Rg1 Rf8 34. Bg5 Rxg2 35. Rxg2 Qe4 36. Rg1 Qf3 37. Qd2 Bd4 38. Qxd4+ Rf6 39. Bxf6+ Qxf6 40. Qxf6# 1-0


[Site "https://www.chess.com"]

[Event "Titled Tuesday Blitz December 20 Early 2022"]
[White "Linhart, Wolfgang"]
[Black "Lasinika, M M D"]
[WhiteFideId "4636244"]
[BlackFideId "9974555"]
[WhiteElo "2114"]
[BlackElo "1072"]
[Result "1-0"]
[Round "06"]
[TimeControl "180+2"]
[Date "2022.12.20"]
[WhiteClock "0:00:32"]
[BlackClock "0:00:00"]

1. e4 e6 2. d4 d5 3. Nc3 Nf6 4. Bg5 Be7 5. e5 Nfd7 6. h4 h6 7. Bxe7 Qxe7 8. Qg4 O-O 9. Rh3 f5 10. Qg6 Rf7 11. Rg3 Kh8 12. O-O-O Nf8 13. Qh5 f4 14. Rf3 Bd7 15. Bd3 Be8 16. Qg4 g5 17. Nh3 gxh4 18. Rxf4 Rg7 19. Qxh4 Qxh4 20. Rxh4 Rxg2 21. Rxh6+ Kg7 22. Rh1 Kxh6 23. Nf4+ Kg7 24. Nxg2 Bg6 25. Nf4 Bxd3 26. Nxd3 Nbd7 27. Rg1+ Kf7 28. Nb5 Rc8 29. Nxa7 Ra8 30. Nb5 Rxa2 31. Kb1 Ra4 32. b3 Ra6 33. Nxc7 Rc6 34. Nb5 Ke7 35. Rg7+ Kd8 36. Nd6 1-0


[Site "https://www.chess.com"]

[Event "Titled Tuesday Blitz December 20 Early 2022"]
[White "Liyanage, Ranindu Dilshan"]
[Black "Midgardsormur"]
[WhiteFideId "9915834"]
[WhiteElo "2342"]
[BlackElo "2460"]
[Result "1-0"]
[Round "06"]
[TimeControl "180+2"]
[Date "2022.12.20"]
[WhiteClock "0:00:53"]
[BlackClock "0:00:46"]

1. e4 c5 2. Nc3 e6 3. g3 a6 4. Bg2 b5 5. Nge2 Bb7 6. O-O Nf6 7. d4 cxd4 8. Nxd4 b4 9. Na4 Bxe4 10. Bxe4 Nxe4 11. Re1 Nc5 12. Nxc5 Bxc5 13. Nf5 Qf6 14. Nd6+ Bxd6 15. Qxd6 Nc6 16. Bf4 Qd4 17. Rad1 Qxd6 18. Bxd6 f6 19. Bc5 Rb8 20. a4 Rb7 21. Rd6 Kf7 22. Red1 Rd8 23. Rxc6 1-0


[Site "https://www.chess.com"]

[Event "Titled Tuesday Blitz December 20 Early 2022"]
[White "Luks, Artur"]
[Black "BahadirOzen"]
[WhiteFideId "21808856"]
[WhiteElo "1577"]
[BlackElo "2853"]
[Result "0-1"]
[Round "06"]
[TimeControl "180+2"]
[Date "2022.12.20"]
[WhiteClock "0:00:03"]
[BlackClock "0:00:20"]

1. e4 d6 2. d4 Nf6 3. Nc3 e5 4. dxe5 dxe5 5. Qxd8+ Kxd8 6. f4 Bb4 7. Bd3 c6 8. Nf3 Nbd7 9. fxe5 Ng4 10. Bg5+ Be7 11. Bf4 g5 12. h3 gxf4 13. hxg4 Nc5 14. O-O-O Bxg4 15. Ne2 Kc7 16. Kb1 Ne6 17. Bc4 h5 18. Bxe6 Bxe6 19. Nxf4 Bg4 20. Rd3 Rae8 21. a3 Bf8 22. Rhd1 Bh6 23. Nh3 Rhg8 24. Nf2 Bf4 25. Nxg4 hxg4 26. Rd7+ Kb6 27. Nd4 Rxe5 28. Rxf7 Rxe4 29. Nb3 Rc8 30. Rdd7 Rc7 31. Rxc7 Bxc7 32. Rg7 g3 33. a4 Rxa4 34. Nc5 Kxc5 35. Rxc7 Rf4 36. Rg7 Rf1+ 37. Ka2 Rf2 38. Rxg3 Rxc2 39. Rg7 b5 40. Rxa7 Rxg2 41. Ra3 Kb4 42. Rf3 c5 43. Rf4+ c4 44. Rh4 Rf2 45. Rg4 Rd2 46. Rh4 Rg2 47. Rf4 Ka5 48. Rf5 c3 0-1


[Site "https://www.chess.com"]

[Event "Titled Tuesday Blitz December 20 Early 2022"]
[White "Mac Intyre, Paul"]
[Black "DIMONBANAN"]
[WhiteFideId "2014505"]
[WhiteElo "2246"]
[BlackElo "2416"]
[Result "1-0"]
[Round "06"]
[TimeControl "180+2"]
[Date "2022.12.20"]
[WhiteClock "0:00:02"]
[BlackClock "0:00:02"]

1. c4 e6 2. Nc3 d5 3. d4 Be7 4. Nf3 Nf6 5. g3 O-O 6. Bg2 dxc4 7. O-O c5 8. dxc5 Nbd7 9. c6 bxc6 10. Nd4 Bb7 11. Nxc6 Bxc6 12. Bxc6 Rc8 13. Bg2 Nb6 14. Qc2 Nfd5 15. Rd1 Nb4 16. Qe4 Qc7 17. Bf4 Qc5 18. Be3 Qa5 19. Bd4 Rfd8 20. a3 N4d5 21. Rac1 Bf6 22. Bxf6 Nxf6 23. Qb7 Na4 24. Nxa4 Qxa4 25. Rxd8+ Rxd8 26. Bc6 Qa5 27. Qb4 Qxb4 28. axb4 Rd2 29. Rxc4 Rxb2 30. b5 Kf8 31. Ra4 Rxe2 32. Rxa7 Rb2 33. Rb7 Nd5 34. h4 g6 35. Kf1 Nc3 36. Rb8+ Ke7 37. b6 Nd5 38. b7 Rb6 39. Rc8 1-0


[Site "https://www.chess.com"]

[Event "Titled Tuesday Blitz December 20 Early 2022"]
[White "Machidon, Cristi"]
[Black "viditchess"]
[WhiteFideId "13904590"]
[WhiteElo "2279"]
[BlackElo "2986"]
[Result "0-1"]
[Round "06"]
[TimeControl "180+2"]
[Date "2022.12.20"]
[WhiteClock "0:00:04"]
[BlackClock "0:00:44"]

1. d4 g6 2. e4 Bg7 3. Nc3 d6 4. Be3 a6 5. Qd2 b5 6. a4 b4 7. Nce2 a5 8. Nf3 Bb7 9. Ng3 Nd7 10. c3 c5 11. Bb5 cxd4 12. cxd4 Nf6 13. d5 O-O 14. O-O Ng4 15. Bd4 Nc5 16. Bxg7 Kxg7 17. Rae1 Rc8 18. h3 Ne5 19. Nd4 Qb6 20. Kh2 Kh8 21. f4 Ned7 22. h4 Nf6 23. h5 Ba6 24. f5 g5 25. e5 dxe5 26. Nc6 Bxb5 27. axb5 e4 28. Qxg5 Rg8 29. Qh4 Qc7 30. Rf4 Nd3 31. Rexe4 Nxf4 32. Rxf4 Nxd5 33. Rc4 Nf6 34. h6 Qd6 35. Kh3 Qd3 36. Ne5 Rxg3+ 37. Qxg3 Qxf5+ 38. Kh2 Qh5+ 39. Kg1 Rg8 40. Qf4 Qd1+ 41. Kh2 Qd5 42. Rc5 Qxg2# 0-1


[Site "https://www.chess.com"]

[Event "Titled Tuesday Blitz December 20 Early 2022"]
[White "Manish Anto Cristiano F"]
[Black "Vsevolod_Ovchinnikov"]
[WhiteFideId "25095927"]
[WhiteElo "2485"]
[BlackElo "2557"]
[Result "0-1"]
[Round "06"]
[TimeControl "180+2"]
[Date "2022.12.20"]
[WhiteClock "0:01:03"]
[BlackClock "0:00:16"]

1. d4 Nf6 2. c4 g6 3. Nc3 d5 4. Bf4 Bg7 5. e3 O-O 6. Nf3 c5 7. dxc5 Ne4 8. Rc1 Nxc3 9. bxc3 dxc4 10. Bxc4 Qa5 11. Qb3 Qxc5 12. O-O Nc6 13. Be2 b6 14. Nd4 Bb7 15. f3 Na5 16. Qb4 e5 17. Bg3 exd4 18. Qxc5 bxc5 19. cxd4 cxd4 20. Rc5 dxe3 21. Rxa5 Bd4 22. Be5 Bb6 23. Rb5 Ba6 24. Rb2 Bxe2 25. Rxe2 Rfe8 26. f4 Rad8 27. g4 f6 28. Bxf6 Rd2 29. Rfe1 Re4 30. Be5 g5 31. Kg2 gxf4 32. Bf6 Ra4 33. Kf3 Raxa2 34. Bg5 Rxe2 35. Rxe2 Rxe2 36. Kxe2 Bc7 37. Kf3 Kf7 38. h4 Ke6 39. Bh6 Be5 40. h5 a5 41. Bf8 a4 42. Ba3 Bd6 43. Bb2 a3 44. Ba1 Be5 45. Bxe5 Kxe5 46. g5 Kf5 47. g6 hxg6 48. h6 Kf6 49. Kxf4 e2 0-1


[Site "https://www.chess.com"]